 Dungeon Crawl Stone Soup version 0.30-a0-989-g0d87f670db (webtiles) character file.

Game seed: 15399339952010317215

576 jtron the Cutter (level 7, 0/53 HPs)
             Began as a Demonspawn Monk on Apr 3, 2023.
             Succumbed to an orc warrior's poison
             ... on level 5 of the Dungeon.
             The game lasted 00:10:59 (4288 turns).

jtron the Cutter (Demonspawn Monk)                  Turns: 4288, Time: 00:11:00

Health: 0/53       AC: 11    Str: 11    XL:     7   Next: 13%
Magic:  9/9        EV: 14    Int: 11    God:
Gold:   258        SH:  0    Dex: 18    Spells: 9/9 levels left

rFire   + . .      SeeInvis .    a - +0 rapier
rCold   + . .      Faith    .    (no shield)
rNeg    . . .      Spirit   .    e - +2 robe {rC+ rF+}
rPois   .          Reflect  .    (no helmet)
rElec   .          Rampage  .    (no cloak)
rCorr   .                        y - +0 pair of gloves
Will    .....                    x - +2 pair of boots
Stlth   ++                       (no amulet)
HPRegen 0.28/turn                (no ring)
MPRegen 0.11/turn                (no ring)

@: lethally poisoned (0 -> -26), studying Necromancy, invisible
A: slimy green scales 2, powered by death 2
a: no special abilities


You were on level 5 of the Dungeon.
You visited 1 branch of the dungeon, and saw 6 of its levels.

You collected 258 gold pieces.

Inventory:

Hand Weapons
 a - a +0 rapier (weapon)
 v - a +0 short sword
 w - the +6 whip of Baicuziu {pain, MP+9 Int+3}
   (You found it on level 5 of the Dungeon)

   Int:       It affects your intelligence (+3).
   MP:        It affects your magic capacity (+9).
Missiles
 b - 21 stones
 d - 5 silver boomerangs
 o - 3 silver javelins (quivered)
 r - 4 datura-tipped darts
Armour
 e - a +2 robe of resistance (worn)
 k - the +1 chain mail of Furchog {Rampage Str+3}
   (You found it on level 4 of the Dungeon)

   Str:       It affects your strength (+3).
   Rampage:   It bestows one free step when moving towards enemies.
 s - a +0 robe of the Archmagi
 x - a +2 pair of boots (worn)
 y - a +0 pair of gloves (worn)
Wands
 f - a wand of charming (15)
Scrolls
 g - 2 scrolls of blinking {unknown}
 l - a scroll of magic mapping
 m - a scroll of immolation
 n - a scroll of identify
 q - 2 scrolls of silence
Potions
 c - 2 potions of ambrosia
 h - 2 potions of heal wounds
 i - a potion of flight
 j - a potion of curing
 p - 2 potions of magic
 u - a potion of resistance {unknown}


   Skills:
 + Level 3.8 Fighting
 + Level 4.3 Short Blades
 + Level 1.8 Throwing
 - Level 4.0 Dodging
 + Level 2.7 Stealth
 * Level 1.5 Spellcasting
 * Level 1.3 Transmutations
 * Level 1.5 Fire Magic
 * Level 1.5 Poison Magic


You had 9 spell levels left.
You didn't know any spells.
Your spell library contained the following spells:

 Spells                   Type           Power      Damage    Failure   Level
 Ignite Poison            Fire/Tmut/Pois 4%         N/A       45%         3
 Kindle Blastsparks       Fire/Tloc/Air  2%         2d10      58%         3
 Summon Lightning Spire   Summ/Air       0%         N/A       97%         4
 Fireball                 Conj/Fire      1%         3d3       99%         5
 Freezing Cloud           Conj/Ice/Air   0%         6-21      100%        5
 Iskenderun's Battlesphe  Conj           0%         2d6       100%        5
 Conjure Ball Lightning   Conj/Air       0%         3x3d6     100%        6
 Orb of Destruction       Conj           0%         9d5       100%        7
 Storm Form               Tmut/Air       1%         N/A       100%        7
 Maxwell's Capacitive Co  Air            0%         ∞         100%        8


Dungeon Overview and Level Annotations

Branches:
Dungeon (6/15)
 Temple: D:4-7

Altars:

Annotations:
D:4 2 runed translucent doors, Rendar's ghost, novice KoMo
D:5 Duvessa


Innate Abilities, Weirdness & Mutations

You are mostly covered in slimy green scales. (AC +3)
You regenerate health from kills.


Message History

The orc warrior hits you with a +1 scimitar of venom.
You are poisoned.
You hit the orc warrior.
The orc warrior is heavily wounded.
You feel very sick. The orc hits you with a +0 dagger.
The orc warrior hits you with a +1 scimitar of venom!
You are more poisoned.
You are too injured to fight recklessly!
You are too injured to fight recklessly!
You are too injured to fight recklessly!
You are too injured to fight recklessly!
It was a potion of curing.
You feel better. The orc closely misses you.
The orc warrior closely misses you.
You hit the orc warrior.
The orc warrior is heavily wounded.
The orc barely misses you.
The orc warrior hits you but does no damage.
You are poisoned.
You barely miss the orc warrior.
The orc warrior is heavily wounded.
You feel sick. The orc closely misses you. The orc warrior closely misses you.
You barely miss the orc warrior.
The orc warrior is heavily wounded.
You feel sick. The orc barely misses you. The orc warrior closely misses you.
You hit the orc warrior but do no damage.
The orc warrior is heavily wounded.
You feel sick. The orc closely misses you.
The orc warrior hits you with a +1 scimitar of venom.
You are more poisoned.
You closely miss the orc warrior.
The orc warrior is heavily wounded.
You feel very sick. The orc closely misses you.
The orc warrior hits you with a +1 scimitar of venom!
* * * LOW HITPOINT WARNING * * *
You are more poisoned.
It was a potion of invisibility.
You fade into invisibility!
You die...

#.......#....#.##.##.....##.....
#..............#...#...#........
#....#...........###..........
#....#..........###...........
#.......##...##...............
....#.....##...##...........).##
...##.>....#...##.....##[.....##
...............o....#......#..#.
..............o@..###.....#####.
#...##..........>#.# ##..### #.
#... ####.........## #### ## ###
#....##....# # #...[.##...# #
##...###.### ##### ###


You could see an orc warrior (unable to see you) and an orc (unable to see you).

Vanquished Creatures
  A water moccasin (D:5)
  A scorpion (D:5)
  3 hounds (D:4)
  3 jellies (D:4)
  Terence (D:3)
  2 orc wizards
  7 adders
  3 worms
  4 dart slugs
  8 orcs
  8 endoplasms
  5 giant cockroaches
  6 goblins
  4 hobgoblins
  5 ball pythons
  5 bats
  2 frilled lizards (D:2)
  10 kobolds
  5 rats (D:1)
83 creatures vanquished.

Vanquished Creatures (collateral kills)
  3 orcs
3 creatures vanquished.

Vanquished Creatures (others)
  An orc (D:2)
1 creature vanquished.

Grand Total: 87 creatures vanquished

Notes
Turn   | Place    | Note
-------+----------+-------------------------------------------
     0 | D:1      | jtron the Demonspawn Monk began the quest for the Orb.
     0 | D:1      | Reached XP level 1. HP: 18/18 MP: 1/1
   251 | D:1      | Gained mutation: You are partially covered in slimy green
                  | scales. (AC +2) [demonic ancestry]
   251 | D:1      | Reached XP level 2. HP: 24/24 MP: 2/2
   890 | D:2      | Reached XP level 3. HP: 14/29 MP: 3/3
  1798 | D:3      | Gained mutation: You regenerate a little health from kills.
                  | [demonic ancestry]
  1798 | D:3      | Reached XP level 4. HP: 35/35 MP: 4/4
  1907 | D:3      | Noticed Terence
  1924 | D:3      | Killed Terence
  2524 | D:4      | Identified the +1 chain mail of Furchog {Rampage Str+3}
  2778 | D:4      | Found a runed translucent door.
  2779 | D:4      | Noticed Rendar's ghost (novice KoMo)
  2835 | D:4      | Gained mutation: You are mostly covered in slimy green
                  | scales. (AC +3) [demonic ancestry]
  2835 | D:4      | Reached XP level 5. HP: 42/42 MP: 5/5
  2914 | D:4      | Reached skill level 1 in Throwing
  3155 | D:4      | Gained mutation: You regenerate health from kills. [demonic
                  | ancestry]
  3155 | D:4      | Reached XP level 6. HP: 48/48 MP: 7/7
  3446 | D:4      | Found a runed translucent door.
  3601 | D:4      | Reached skill level 1 in Spellcasting
  3601 | D:4      | Reached skill level 1 in Transmutations
  3601 | D:4      | Reached skill level 1 in Fire Magic
  3601 | D:4      | Reached skill level 1 in Poison Magic
  3760 | D:5      | Entered Level 5 of the Dungeon
  3900 | D:5      | Noticed a water moccasin
  3909 | D:5      | Killed a water moccasin
  4052 | D:5      | Identified the +6 whip of Baicuziu {pain, MP+9 Int+3}
  4170 | D:5      | Reached XP level 7. HP: 53/53 MP: 9/9
  4185 | D:5      | Noticed Duvessa
  4288 | D:5      | Succumbed to an orc warrior's poison

Illustrated notes

Levels and vault maps discovered:
D:1:      sevenhm_arrival_forest_fort_small_4, layout_rooms
D:2:      layout_basic
D:3:      layout_basic, mainiacjoe_overflow_alcove_4, uniq_terence
D:4:      minmay_skewed_foursquare, layout_basic, ebering_ghost_sewer_f
D:5:      layout_cave_pools, uniq_duvessa
D:6:      layout_loops_cross, nicolae_ru_the_path_less_chosen,
          lemuel_round_altar, lemuel_temple_firewalk_b, enter_ossuary_5,
          minmay_misc_feat_roman, minmay_misc_feat_enclosed,
          hangedman_decor_growths

Skill      XL: |  1  2  3  4  5  6 |
---------------+-------------------+-----
Dodging        | 3 4 |  4.0
Stealth        | 2 |  2.7
Short Blades   | 3 4 |  4.3
Throwing       | 1 |  1.8
Spellcasting   | 1 |  1.5
Transmutations | 1 |  1.3
Fire Magic     | 1 |  1.5
Poison Magic   | 1 |  1.5
Fighting       | |  3.8

Action                     |  1- 3 |  4- 6 |  7- 9 || total
---------------------------+-------+-------+-------++-------
  Melee: Short sword       |   203 |    97 |       ||   300
         Punch             |     3 |     1 |       ||     4
         Rapier            |       |    40 |    12 ||    52
  Throw: Stone             |    22 |     2 |       ||    24
         Boomerang         |     1 |       |       ||     1
         Javelin           |     1 |    42 |       ||    43
         Dart              |       |     1 |       ||     1
  Evoke: Wand              |     1 |     1 |       ||     2
    Use: Scroll            |     7 |     6 |       ||    13
         Potion            |     1 |     1 |     2 ||     4
   Stab: Sleeping          |     4 |     4 |     1 ||     9
 Armour: Robe              |    61 |    33 |     1 ||    95
  Dodge: Dodged            |   114 |    76 |    14 ||   204

Table legend: (Time is in decaauts)
 A = Elapsed time spent in this place.
 B = Non-inter-level travel time spent in this place.
 C = Inter-level travel time spent in this place.
 D = Time resting spent in this place.
 E = Time spent auto-exploring this place.
 F = Levels seen in this place.
 G = Mean time per level.
                   A        B        C        D        E       F      G
               +--------+--------+--------+--------+--------+-----+--------+
         Total |   4259 |   3885 |    374 |    200 |   2602 |   6 |  709.8 |
       Dungeon |   4259 |   3885 |    374 |    200 |   2602 |   6 |  709.8 |
               +--------+--------+--------+--------+--------+-----+--------+

Top non-repeatable levels by time:
     D:4: 1299 daAuts
     D:2: 1049 daAuts
     D:3: 795 daAuts
     D:1: 641 daAuts
     D:5: 468 daAuts
     D:6: 4 daAuts
